AoeStats
← 香辣鸡翅

Glade

510509258Analyzed
1v1 RM · 19h ago on Oct 1, 2026· 51m 1s· 2 players
Game mode
Random Map
Map size
Tiny (2 player)
Population
200
Speed
Normal
Resources
Standard
Victory
Conquest
Starting age
Dark Age
Ending age
Imperial Age
RankedLock teamsTeams togetherTeam positionsShared explorationLock speedFull tech treeHidden civsTurbo modeCheats
Victory
Defeat
🇫🇮 Franks · Finland
991
+18
🇭🇰 Huns · Hong Kong SAR China
1028
-18
Pr Hapi
12:30 Feudal Age
17:13 Castle Age
15:28 Double-Bit Axe
15:51 Gold Mining
18:01 Wheelbarrow
20:07 Scale Barding Armor
20:13 Forging
21:13 Gold Shaft Mining
22:52 Wheelbarrow
23:15 Bow Saw
25:22 Hand Cart
26:19 Iron Casting
26:08 Husbandry
28:08 Chain Barding Armor
35:58 Imperial Age
35:35 Scale Mail Armor
37:46 Cavalier
39:05 Plate Barding Armor
40:46 Blast Furnace
40:26 Chain Mail Armor
42:55 Paladin
44:46 Plate Mail Armor
香辣鸡翅
11:00 Feudal Age
16:21 Castle Age
16:35 Horse Collar
16:41 Double-Bit Axe
17:35 Stone Mining
19:04 Bow Saw
19:06 Loom
23:24 Wheelbarrow
23:08 Heavy Plow
28:25 Hand Cart
28:43 Town Watch
31:42 Imperial Age
30:34 Pikeman
31:15 Squires
31:00 Arson
31:29 Scale Mail Armor
31:40 Forging
32:33 Chain Mail Armor
34:19 Two-Man Saw
34:51 Gold Mining
35:01 Capped Ram
37:46 Chemistry
36:53 Halberdier
37:54 Husbandry
38:04 Bloodlines
38:36 Cavalier
39:52 Murder Holes
43:44 Gold Shaft Mining
44:30 Masonry
45:06 Conscription
45:57 Scale Barding Armor
46:28 Iron Casting
47:13 Chain Barding Armor
48:46 Paladin
Connection lost

Rejoining the realm…

Still unreachable

The connection could not be restored.

Session expired

The server has moved on; the page needs a fresh start.